 Dungeon Sprint DCSS version 0.21.1-1-g345015fe64 (webtiles) character file.

368 Groucho the Fighter (level 6, -1/63 HPs)
             Began as a Minotaur Fighter on Apr 1, 2018.
             Was an Initiate of Makhleb.
             Slain by a two-headed ogre
             ... wielding a +0 giant club
              (2 damage)
             ... in the Dungeon (Sprint IX: "|||||||||||||||||||||||||||||").
             The game lasted 00:01:34 (573 turns).

Groucho the Fighter (Minotaur Fighter)               Turns: 573, Time: 00:01:36

Health: -1/63      AC: 15    Str: 23    XL:     6   Next: 41%
Magic:  5/5        EV:  7    Int:  8    God:    Makhleb [......]
Gold:   0          SH: 12    Dex: 12    Spells: 5/5 levels left

rFire    . . .     SeeInvis .   p - +2 scimitar (flame)
rCold    . . .     Gourm    .   c - +0 shield
rNeg     . . .     Faith    .   r - +1 chain mail
rPois    .         Spirit   .   (helmet restricted)
rElec    .         Reflect  .   q - +0 cloak
rCorr    .         Harm     .   a - +0 pair of gloves
MR       .....     NoTele   +   (no boots)
Stlth    ..........             (no amulet)
HPRegen  0.20/turn              b - +3 ring of strength
MPRegen  0.09/turn              s - +3 ring of intelligence

@: no status effects
A: retaliatory headbutt, horns 2
a: Renounce Religion


You were in the Dungeon.
You worshipped Makhleb.
Makhleb was noncommittal.
You were not hungry.

You visited 1 branch

Inventory:

Hand Weapons
 p - a +2 scimitar of flaming (weapon)
Armour
 a - a +0 pair of gloves (worn)
 c - a +0 shield (worn)
 q - a +0 cloak (worn)
 r - a +1 chain mail (worn)
Jewellery
 b - a +3 ring of strength (left hand)
 s - a +3 ring of intelligence (right hand)
Wands
 o - a wand of acid (10)
Scrolls
 k - 2 scrolls of blinking
 m - 3 scrolls of remove curse
 n - 2 scrolls of amnesia
Potions
 d - a potion of might
 e - 5 potions of curing
 g - 3 potions of heal wounds
 h - a potion of haste
 i - 4 potions of magic
 j - a potion of berserk rage
 l - a potion of invisibility
Comestibles
 f - a ration


   Skills:
 + Level 9.1 Fighting
 + Level 8.6 Long Blades
 + Level 9.0 Armour
 + Level 9.0 Shields


You had 5 spell levels left.
You didn't know any spells.

Dungeon Overview and Level Annotations

Branches:
Dungeon (1/1)

Altars:
Cheibriados
Dithmenos
Elyvilon
Fedhas
Gozag
Hepliaklqana
Kikubaaqudgha
Makhleb
Nemelex Xobeh
Okawaru
Qazlal
Ru
Sif Muna
Trog
Uskayaw
Vehumet
Wu Jian
Xom
Yredelemnul
Zin
The Shining One
Beogh
Jiyva
Lugonu


Innate Abilities, Weirdness & Mutations

You reflexively headbutt those who attack you in melee.
You have a pair of horns on your head.


Message History

Your Shields skill gained 2 levels and is now at level 9!
You have reached level 6!
Your experience leads to an increase in your attributes!
Your base attributes are Str 20, Int 5, Dex 11.
Increase (S)trength, (I)ntelligence, or (D)exterity?
You feel agile.
Unknown command.
Unknown command.
You hit the two-headed ogre. You burn the two-headed ogre.
The two-headed ogre is lightly wounded.
The two-headed ogre hits you with a giant club.
* * * LOW HITPOINT WARNING * * *
The two-headed ogre barely misses you.
Your shield and chain mail prevent you from hitting the two-headed ogre.
You headbutt the two-headed ogre.
The two-headed ogre is lightly wounded.
The two-headed ogre hits you with a giant club!
* * * LOW HITPOINT WARNING * * *
The two-headed ogre hits you with a giant club.
You die... ▓▓▓▓▓▓▓▓▓▓▓▓▓▓▓▓▓▓▓▓▓▓▓▓ ..WcOhO@.[..)|..'_______ ▓▓▓▓▓▓▓▓▓▓▓▓▓▓▓▓▓▓▓▓▓▓▓▓

You could see a two-headed ogre, a phantom, an ogre, a centaur and a hound.

Vanquished Creatures
  A troll (D)
  A centaur (D)
  2 crimson imps (D)
  An adder (D)
  An ooze (D)
  2 hobgoblins (D)
  A jackal (D)
  A ball python skeleton (D)
  A bat (D)
11 creatures vanquished.

Notes
Turn   | Place    | Note
-------+----------+-------------------------------------------
     0 | D        | Groucho the Minotaur Fighter began the quest for the Orb.
     0 | D        | Reached XP level 1. HP: 19/19 MP: 0/0
    18 | D        | Reached XP level 2. HP: 21/28 MP: 1/1
    24 | D        | Noticed a centaur
    24 | D        | Noticed a crimson imp
    24 | D        | Noticed a crimson imp
    28 | D        | Killed a crimson imp
    28 | D        | Reached skill level 5 in Fighting
    28 | D        | Reached skill level 5 in Armour
    28 | D        | Reached skill level 5 in Shields
    28 | D        | Reached XP level 3. HP: 25/36 MP: 2/2
    33 | D        | Reached skill level 5 in Long Blades
    33 | D        | Reached XP level 4. HP: 31/44 MP: 3/3
    42 | D        | Killed a centaur
    42 | D        | Reached XP level 5. HP: 14/52 MP: 4/4
   469 | D        | Found a roughly hewn altar of Beogh.
   469 | D        | Found a snail-covered altar of Cheibriados.
   469 | D        | Found a shadowy altar of Dithmenos.
   469 | D        | Found a white marble altar of Elyvilon.
   469 | D        | Found a blossoming altar of Fedhas.
   469 | D        | Found an opulent altar of Gozag.
   470 | D        | Found a hazy altar of Hepliaklqana.
   471 | D        | Found a viscous altar of Jiyva.
   472 | D        | Found an ancient bone altar of Kikubaaqudgha.
   473 | D        | Found a corrupted altar of Lugonu.
   474 | D        | Found a burning altar of Makhleb.
   475 | D        | Found a sparkling altar of Nemelex Xobeh.
   476 | D        | Found an iron altar of Okawaru.
   477 | D        | Found a stormy altar of Qazlal.
   478 | D        | Found a sacrificial altar of Ru.
   479 | D        | Found a deep blue altar of Sif Muna.
   480 | D        | Found a bloodstained altar of Trog.
   481 | D        | Found a hide-covered altar of Uskayaw.
   482 | D        | Found a radiant altar of Vehumet.
   483 | D        | Found an ornate altar of the Wu Jian Council.
   484 | D        | Found a shimmering altar of Xom.
   485 | D        | Found a basalt altar of Yredelemnul.
   486 | D        | Found a glowing silver altar of Zin.
   487 | D        | Found a glowing golden altar of the Shining One.
   504 | D        | Became a worshipper of Makhleb the Destroyer
   563 | D        | Noticed a phantom
   563 | D        | Noticed a centaur
   563 | D        | Noticed an ogre
   563 | D        | Noticed a two-headed ogre
   563 | D        | Noticed a troll
   571 | D        | Killed a troll
   571 | D        | Reached XP level 6. HP: 19/63 MP: 5/5
   573 | D        | HP: 1/63 [two-headed ogre/giant club (14)]
   573 | D        | Slain by a two-headed ogre

Skill      XL: |  1  2  3  4  5 |
---------------+----------------+-----
Fighting       | 4 5 6 7 9 |  9.1
Long Blades    | 3 4 5 6 8 |  8.6
Armour         | 4 5 6 7 9 |  9.0
Shields        | 4 5 6 7 9 |  9.0

Action                   |  1- 3 |  4- 6 || total
-------------------------+-------+-------++-------
Melee: Long sword        |    23 |     8 ||    31
       Headbutt          |     2 |     4 ||     6
       Scimitar          |       |    10 ||    10
Armor: Scale mail        |    11 |     2 ||    13
       Chain mail        |       |     7 ||     7
Dodge: Dodged            |     8 |     6 ||    14
Block: Shield            |    14 |    11 ||    25
